 Dungeon Crawl Stone Soup version 0.17.0-28-g6e173f8 (webtiles) character file.

105 Kneezus the Charmwright (level 4, 0/29 HPs)
             Began as a High Elf Skald on Nov 24, 2015.
             Slain by an iguana (12 damage)
             ... on level 2 of the Dungeon.
             The game lasted 00:13:59 (3665 turns).

Kneezus the Charmwright (High Elf Skald)            Turns: 3665, Time: 00:13:59

Health: 0/29       AC:  3    Str: 11    XL:     4   Next: 54%
Magic:  2/8        EV: 11    Int: 15    God:
Gold:   74         SH:  0    Dex: 16    Spells: 3 memorised, 2 levels left

rFire  . . .     SeeInvis .     a - +0 short sword
rCold  . . .     Clarity  .     b - +0 leather armour
rNeg   . . .     SustAt   .     (no shield)
rPois  +         Gourm    .     (no helmet)
rElec  .         Spirit   .     (no cloak)
rCorr  .         Warding  .     (no gloves)
rMut   .         Stasis   .     (no boots)
MR     .....                    (no amulet)
Stlth  +.........               (no ring)
                                h - ring of poison resistance

@: shrouded, infused, not resistant to hostile enchantments, very unstealthy
A: no striking features
a: no special abilities


You were on level 2 of the Dungeon.
You were hungry.

You visited 1 branch of the dungeon, and saw 3 of its levels.

You collected 74 gold pieces.

Inventory:

Hand Weapons
 a - a +0 short sword (weapon)
 f - a -2 dagger
Armour
 b - a +0 leather armour (worn)
Jewellery
 h - a ring of poison resistance (left hand)
 j - an uncursed amulet of stasis
Scrolls
 e - a scroll of amnesia {unknown}
 g - 5 scrolls of identify
 l - a scroll of remove curse
 m - a scroll of recharging {unknown}
 n - a scroll of blinking {unknown}
Potions
 k - a potion of flight
Books
 c - a book of Battle

   Spells                             Type                      Level
   a - Infusion                       Charms                       1
   b - Shroud of Golubria             Charms/Translocation         2
   c - Song of Slaying                Charms                       2
   d - Spectral Weapon                Hexes/Charms                 3
   e - Regeneration                   Charms/Necromancy            3
Comestibles
 d - 2 bread rations
 i - 2 chunks of flesh


   Skills:
 - Level 2.0 Fighting
 * Level 2.8 Short Blades
 - Level 0.8 Armour
 + Level 1.4 Dodging
 - Level 2.4 Spellcasting
 - Level 5.0 Charms
 - Level 3.0 Translocations


You had 2 spell levels left.
You knew the following spells:

 Your Spells              Type           Power        Failure   Level  Hunger
a - Infusion              Chrm           ###...       3%          1    #......
b - Shroud of Golubria    Chrm/Tloc      ##........   10%         2    ###....
c - Song of Slaying       Chrm           ###.....     6%          2    ###....


Dungeon Overview and Level Annotations

Branches:
Dungeon (3/15)

Altars:
Zin


Message History

You hit the iguana but do no damage.
Your shroud bends the iguana's attack away.
You hit the iguana.
The iguana is lightly wounded.
The iguana closely misses you.
You hit the iguana.
The iguana is moderately wounded.
The iguana bites you!
Your shroud falls apart!
You hit the iguana but do no damage.
The iguana is moderately wounded.
The iguana bites you.
Casting: Infusion
Confirm with . or Enter, or press ? or * to list all spells.
Space distorts slightly along a thin shroud covering your body.
The iguana closely misses you.
Your leather armour prevents you from hitting the iguana.
The iguana is moderately wounded.
The iguana bites you!
You die...

#.# #.# #.# ## #.######.
######## #.#...... #......#
#.#.####. #....#(#
#.#.##.#.
#....#l########.#.##...
#....#@(...............
#....#.#.....##.#.##.#.
#....#.#.....##.#.##.#.
###....#.......'.........
#......###.....##.#.####.
#......# #.....##.#.#....
#......# #.....##.#.#.###
###....# #.....##.#.#.# #
#########'####.....##.#.#.#
#


You could see an iguana.

Vanquished Creatures
  4 adders
  An ooze (D:1)
  4 worms
  4 giant cockroaches
  5 hobgoblins
  2 jackals (D:2)
  3 kobolds
  3 quokkas
  7 bats
  5 giant geckos
  3 giant newts
  9 goblins
  4 rats
54 creatures vanquished.

Notes
Turn   | Place    | Note
--------------------------------------------------------------
     0 | D:1      | Kneezus the High Elf Skald began the quest for the Orb.
     0 | D:1      | Reached XP level 1. HP: 14/14 MP: 4/4
     6 | D:1      | Noticed a crocodile
     6 | D:1      | Noticed a worker ant
     6 | D:1      | Noticed an anaconda
     6 | D:1      | Noticed a black bear
   317 | D:1      | Reached skill level 4 in Charms
   442 | D:1      | Reached XP level 2. HP: 19/19 MP: 1/6
   448 | D:1      | Learned a level 2 spell: Shroud of Golubria
   451 | D:1      | Learned a level 2 spell: Song of Slaying
  1119 | D:2      | Reached skill level 1 in Translocations
  1276 | D:2      | Reached XP level 3. HP: 16/24 MP: 0/7
  2132 | D:2      | Noticed an angel
  2133 | D:2      | Found a glowing silver altar of Zin.
  2749 | D:2      | Reached skill level 5 in Charms
  2749 | D:2      | Reached XP level 4. HP: 29/29 MP: 3/8
  3665 | D:2      | Slain by an iguana

Action                   |  1- 3 |  4- 6 || total
-------------------------+-------+-------++-------
Melee: Short sword       |    86 |    69 ||   155
       Dagger            |    68 |       ||    68
 Cast: Infusion          |    26 |     9 ||    35
       Shroud of Golubri |     5 |     5 ||    10
       Song of Slaying   |     1 |       ||     1
  Use: Scroll            |     3 |       ||     3
       Potion            |     1 |       ||     1
 Stab: Sleeping          |       |     1 ||     1
  Eat: Chunk             |     6 |     3 ||     9
